 Dungeon Crawl Stone Soup version 0.30.1-11-g7821555f0a (webtiles) character file.

Game seed: 9127453464761303744

1 comborobin the Sneak (level 1, -1/18 HPs)
             Began as a Demigod Delver on Dec 16, 2023.
             Slain by an adder (3 damage)
             ... on level 5 of the Dungeon.
             The game lasted 00:00:45 (287 turns).

comborobin the Sneak (Demigod Delver)                Turns: 287, Time: 00:00:46

Health: -1/18      AC:  3    Str: 13    XL:     1   Next: 13%
Magic:  3/3        EV: 11    Int: 12    God:
Gold:   61         SH:  0    Dex: 15    Spells: 0/0 levels left

rFire   . . .        a - +0 mace
rCold   . . .        (no shield)
rNeg    + . .        b - +0 leather armour
rPois   .            (no helmet)
rElec   .            (no cloak)
rCorr   .            (no gloves)
SInv    .            (no boots)
Will    .....        (no amulet)
Stlth   +++          k - ring of positive energy
HPRegen 0.23/turn    (no ring)
MPRegen 0.08/turn

%: no passive effects
@: no status effects
A: high MP 1, forlorn, divine attributes
a: no special abilities


You were on level 5 of the Dungeon.
You visited 1 branch of the dungeon, and saw 2 of its levels.

You collected 61 gold pieces.

Inventory:

Hand Weapons
 a - a +0 mace (weapon)
Armour
 b - a +0 leather armour (worn)
Jewellery
 k - a ring of positive energy (left hand)
Wands
 g - a wand of digging (3)
Scrolls
 c - a scroll of fog
 d - 3 scrolls of magic mapping
 e - a scroll of fear
 h - a scroll of amnesia {unknown}
 j - a scroll of enchant armour {unknown}
Potions
 f - a potion of haste
 i - a potion of degeneration {unknown}
 l - a potion of heal wounds {unknown}


   Skills:
 - Level 2.6 Fighting
 + Level 1.9 Maces & Flails
 - Level 1.7 Dodging
 - Level 4.5 Stealth


You couldn't memorise any spells.
You didn't know any spells.
Your spell library was empty.

Dungeon Overview and Level Annotations

Branches:
Dungeon (6/15)
 Temple: D:4-7

Shops:
D:6 [

Annotations:
D:5 exclusion: ice beast


Innate Abilities, Weirdness & Mutations

You have an increased reservoir of magic. (+10% MP)
You shall have no god before yourself.
Your divine heritage dramatically boosts your attributes as you level up.


Message History

You hit the quokka.
You kill the quokka!
No target in view!
No target in view!
HP restored.
You now have 61 gold pieces (gained 14).
Key pressed, stopping explore.
No target in view!
An orc comes into view. It is wielding a +0 whip.
An adder comes into view.
There are monsters nearby!
The adder hisses angrily.
There are monsters nearby!
The helpless orc fails to defend itself.
You hit the orc.
The orc is heavily wounded.
The orc hits you with a +0 whip.
You closely miss the orc.
The orc is heavily wounded.
The orc closely misses you. The orc barely misses you.
You hit the orc but do no damage.
The orc is heavily wounded.
The adder bites you. The orc hits you with a +0 whip.
The adder barely misses you.
You closely miss the orc.
The orc is heavily wounded.
The orc hits you with a +0 whip. The adder barely misses you.
You hit the orc.
The orc is heavily wounded.
The adder bites you but does no damage. The orc hits you with a +0 whip.
* * * LOW HITPOINT WARNING * * *
The adder barely misses you. The orc misses you.
You hit the orc but do no damage.
The orc is heavily wounded.
The adder closely misses you. The orc hits you with a +0 whip.
* * * LOW HITPOINT WARNING * * *
The adder bites you but does no damage. The orc barely misses you.
The adder attacks as you move away! The adder bites you.
You die...

.. #.# ### #.# ..##.#####
..#.....##.#
#######.#.....##.#
.......o......##.#
#@S.....##.# ###.....##.#
###..####.# #....####.#
#########.........##
#......##....####..##
#......##..S.##.....# ###
#............##.###.###..
###...............#
#...#..


You could see an adder and an orc.

Vanquished Creatures
  A quokka (D:5)
1 creature vanquished.

Notes
Turn   | Place    | Note
-------+----------+-------------------------------------------
     0 | D:5      | comborobin the Demigod Delver began the quest for the Orb.
     0 | D:5      | Reached XP level 1. HP: 18/18 MP: 3/3
    13 | D:5      | Noticed an ice beast
    22 | D:6      | Found Kaamyn's Armour Shop.
   287 | D:5      | Slain by an adder

Illustrated notes

Levels and vault maps discovered:
D:5:      layout_basic, old_standard_altar
D:6:      layout_gridville, mainiacjoe_overflow_cross_hatched, zin_academy,
          temple_hall, serial_shops, shop, chequers_serial_rivers_micro_d,
          uniq_blork_the_orc, uniq_menkaure

Action                     || total
---------------------------++-------
  Melee: Mace              ||    11
   Stab: Sleeping          ||     1
 Armour: Leather armour    ||     2
  Dodge: Dodged            ||    13
